Oilers vs Sabres
Created - 8 octobre 2014 at 19:03
Goals
|
| Oilers |
1 |
1 |
2 |
0 |
0 |
4 |
| Sabres |
2 |
1 |
1 |
0 |
1 |
5 |
|
Shots
|
| Oilers |
3 |
7 |
16 |
0 |
9 |
26 |
| Sabres |
12 |
9 |
4 |
4 |
9 |
29 |
|
1st period
1. Sabres , Todd White 1 (Mike Fisher) at 4:47 (SH)
2. Oilers , Joe Pavelski 4 (Rob Scuderi) at 7:18
3. Sabres , Tomas Kopecky 3 (Mike Fisher) at 8:29
Penalties :
Niclas Bergfors (Buf) for Interference (Minor) at 3:50, Ilya Kovalchuk (Edm) for Hooking (Minor) at 11:26
2nd period
4. Sabres , Nathan Paetsch 1 (Steve Downie, Tyler Sloan) at 9:25
5. Oilers , Eric Nystrom 3 (Patrick Kaleta, Scott Niedermayer) at 11:27
Penalties :
Mike Fisher (Buf) for Tripping (Minor) at 0:57, James Neal (Buf) for High sticking (Minor) at 4:32, Patrick Kaleta (Edm) for Roughing (Minor) at 12:16
3rd period
6. Oilers , Wayne Simmonds 2 (Ilya Kovalchuk, Jonathan Toews) at 2:16
7. Oilers , Jonathan Toews 4 (Ilya Kovalchuk, Ian White) at 2:28
8. Sabres , James Neal 2 (Derick Brassard) at 8:53
Penalties :
Ole-Kristian Tollefsen (Buf) for Interference (Minor) at 10:52
Overtime #1
No Goal
Penalties :
No Penalty
Shootout
Penalty Shot by Ilya Kovalchuk for Oilers - Stopped by Michal Neuvirth
Penalty Shot by James Neal for Sabres - Stopped by Cam Ward
Penalty Shot by Joe Pavelski for Oilers - Stopped by Michal Neuvirth
Penalty Shot by Niclas Bergfors for Sabres - Shot Misses the Net
Penalty Shot by Pavel Datsyuk for Oilers - Stopped by Michal Neuvirth
Penalty Shot by Jiri Hudler for Sabres - Stopped by Cam Ward
Penalty Shot by Jonathan Toews for Oilers - Stopped by Michal Neuvirth
Penalty Shot by Mats Sundin for Sabres - Shot Hit the Post
Penalty Shot by Peter Regin for Oilers - Shot Misses the Net
Penalty Shot by Ryan Hollweg for Sabres - Stopped by Cam Ward
Penalty Shot by Scott Niedermayer for Oilers - Shot Misses the Net
Penalty Shot by Steve Downie for Sabres - Stopped by Cam Ward
Penalty Shot by Duncan Keith for Oilers - Shot Misses the Net
Penalty Shot by Mike Fisher for Sabres - Shot Misses the Net
Penalty Shot by Olli Jokinen for Oilers - Shot Misses the Net
Penalty Shot by Tomas Kopecky for Sabres - Stopped by Cam Ward
Penalty Shot by Christian Ehrhoff for Oilers - Stopped by Michal Neuvirth
Penalty Shot by Nathan Dempsey for Sabres - Goal!
Penalties :
No Penalty
Goalie Stats
Cam Ward (Edm), 25 saves from 29 shots - (0,862), OTL, 3-3-1, 65:00 minutes
Michal Neuvirth (Buf), 22 saves from 26 shots - (0,846), W, 2-3-1, 65:00 minutes
Players Stats for Oilers
Player Name G A P +/- PIM S H SB GA TA FO MP PP MP PK MP
------------------------------------------------------------------------------------
Christian Ehrhoff 0 0 0 0 0 0 0 2 0 0 0/0 24:35 4:08 0:00
Duncan Keith 0 0 0 -1 0 1 0 1 0 1 0/0 25:45 3:48 2:19
Eric Nystrom 1 0 1 0 0 2 3 0 1 0 0/0 16:25 0:00 2:02
Ian White 0 1 1 1 0 2 1 2 1 1 0/0 23:50 3:48 0:00
Ilya Kovalchuk 0 2 2 0 2 3 1 0 1 0 0/2 22:56 4:47 0:00
Joe Pavelski 1 0 1 0 0 3 3 0 0 0 0/0 22:07 3:09 0:00
Jonathan Toews 1 1 2 0 0 4 1 0 2 0 16/27 23:13 4:41 0:00
Olli Jokinen 0 0 0 0 0 0 0 0 0 0 0/4 7:02 0:00 0:00
Patrick Kaleta 0 1 1 0 2 6 1 0 1 1 0/0 14:52 0:06 0:00
Pavel Datsyuk 0 0 0 -1 0 1 1 1 1 0 5/8 21:06 4:41 1:56
Peter Regin 0 0 0 0 0 2 0 1 1 1 3/8 17:14 3:09 2:02
Rob Scuderi 0 1 1 1 0 1 2 0 1 0 0/0 15:17 0:00 1:39
Scott Niedermayer 0 1 1 1 0 0 0 3 0 1 0/0 16:30 0:00 1:39
Steve Begin 0 0 0 0 0 0 0 0 0 0 0/0 7:55 0:00 1:56
Steve Staios 0 0 0 0 0 0 0 0 0 0 0/0 6:23 0:00 2:19
Tomas Fleischmann 0 0 0 0 0 0 3 0 0 0 0/1 15:52 3:09 0:00
Wayne Simmonds 1 0 1 1 0 1 3 0 0 1 1/1 17:07 0:06 0:00
Zach Bogosian 0 0 0 -2 0 0 1 2 0 0 0/0 17:51 4:08 0:00
Players Stats for Sabres
Player Name G A P +/- PIM S H SB GA TA FO MP PP MP PK MP
------------------------------------------------------------------------------------
Antoine Roussel 0 0 0 -1 0 1 2 0 0 0 1/1 15:43 1:26 0:00
Derick Brassard 0 1 1 0 0 1 1 0 3 1 8/16 19:18 2:27 0:03
James Neal 1 0 1 0 2 4 2 0 0 0 1/1 18:49 2:27 1:02
Jiri Hudler 0 0 0 -1 0 1 3 0 0 0 6/12 16:11 1:31 0:49
Joni Pitkanen 0 0 0 0 0 0 2 1 0 1 0/0 28:56 2:41 5:04
Kyle Calder 0 0 0 0 0 0 3 0 0 0 1/1 8:15 0:00 0:12
Mats Sundin 0 0 0 0 0 1 1 0 0 0 2/4 10:09 0:00 2:07
Mike Fisher 0 2 2 1 2 3 1 0 0 0 5/12 15:32 0:00 3:36
Nathan Dempsey 0 0 0 1 0 1 1 0 0 0 0/0 20:05 1:17 2:52
Nathan Paetsch 1 0 1 0 0 2 4 0 0 1 0/0 17:55 1:17 1:03
Niclas Bergfors 0 0 0 0 2 2 0 0 0 1 0/0 19:09 2:27 0:00
Niclas Wallin 0 0 0 0 0 1 0 0 1 1 0/0 19:35 0:00 2:52
Ole-Kristian Tollefsen 0 0 0 -1 2 1 1 2 0 2 0/0 26:41 2:41 3:47
Ryan Hollweg 0 0 0 0 0 1 3 0 1 0 0/0 13:15 0:05 0:00
Steve Downie 0 1 1 -1 0 4 1 1 1 0 0/1 18:06 1:26 2:07
Todd White 1 0 1 1 0 2 2 0 0 1 2/2 12:16 0:00 4:35
Tomas Kopecky 1 0 1 0 0 2 0 0 0 0 0/1 15:18 0:05 1:21
Tyler Sloan 0 1 1 0 0 2 0 0 0 1 0/0 16:47 0:00 0:14
3 Stars
1 - Wayne Simmonds (Edm)
2 - Jonathan Toews (Edm)
3 - Nathan Paetsch (Buf)
Power Play
Oilers - 0 on 4 Attempt(s) - 0,00%
Sabres - 0 on 2 Attempt(s) - 0,00%
Penalty Kill
Oilers - 2 on 2 Attempt(s) - 100,00%
- Score 0 goal in Penalty Kill
Sabres - 4 on 4 Attempt(s) - 100,00%
- Score 1 goal in Penalty Kill
Official
Referees : Ciamaga Chris and Kowal Tom
Linesman : Tim Nowak and Brian Mach
Game Notes
No Game Note
Finance
Level 1 -- Attendance: 6000 (100,00%) -- Ticket Income 474 000 $
Level 2 -- Attendance: 5000 (100,00%) -- Ticket Income 260 000 $
Level 3 -- Attendance: 1579 (78,95%) -- Ticket Income 56 844 $
Level 4 -- Attendance: 3766 (94,15%) -- Ticket Income 79 086 $
Luxury Box -- Attendance: 913 (91,30%) -- Ticket Income 140 602 $
Game was played at the Duff Garden
Total Attendance: 17258 (95,88%)
Total Ticket Income: 1 010 532 $
Other Income: 151 580 $
Total Income: 1 162 112 $
Oilers
5 vs 5 Forward
Center Left Wing Right Wing Time % Phy DF OF
1 Jonathan Toews Ilya Kovalchuk Wayne Simmonds 40 1 2 2
2 Pavel Datsyuk Tomas Fleischmann Joe Pavelski 30 1 2 2
3 Peter Regin Eric Nystrom Patrick Kaleta 20 1 2 2
4 Olli Jokinen Steve Begin Joe Pavelski 10 1 2 2
5 vs 5 Defense
Defense Defense Time % Phy DF OF
1 Ian White Christian Ehrhoff 37 1 2 2
2 Duncan Keith Zach Bogosian 30 1 2 2
3 Scott Niedermayer Rob Scuderi 26 1 2 2
4 Duncan Keith Steve Staios 7 1 2 2
PowerPlay Forward
Center Left Wing Right Wing Time % Phy DF OF
1 Jonathan Toews Ilya Kovalchuk Pavel Datsyuk 65 0 1 4
2 Peter Regin Tomas Fleischmann Joe Pavelski 35 1 1 3
PowerPlay Defense
Defense Defense Time % Phy DF OF
1 Ian White Duncan Keith 50 0 2 3
2 Christian Ehrhoff Zach Bogosian 50 0 2 3
Penalty Kill 4 Players Forward
Center Wing Time % Phy DF OF
1 Pavel Datsyuk Steve Begin 50 1 3 1
2 Peter Regin Eric Nystrom 50 1 3 1
Penalty Kill 4 Players Defense
Defense Defense Time % Phy DF OF
1 Duncan Keith Steve Staios 50 1 3 1
2 Scott Niedermayer Rob Scuderi 50 1 3 1
Penalty Kill - 3 Players Forward
Forward Time % Phy DF OF
1 Pavel Datsyuk 50 1 4 0
2 Peter Regin 50 1 4 0
Penalty Kill - 3 Players Defense
Defense Defense Time % Phy DF OF
1 Ian White Scott Niedermayer 50 1 4 0
2 Duncan Keith Rob Scuderi 50 1 4 0
4 vs 4 Forward
Center Wing Time % Phy DF OF
1 Jonathan Toews Joe Pavelski 50 0 2 3
2 Pavel Datsyuk Ilya Kovalchuk 50 0 2 3
4 vs 4 Defense
Defense Defense Time % Phy DF OF
1 Ian White Christian Ehrhoff 50 1 2 2
2 Duncan Keith Scott Niedermayer 50 1 2 2
Last Minutes Offensive
Center Left Wing Right Wing Defense Defense
Pavel Datsyuk Ilya Kovalchuk Jonathan Toews Ian White Scott Niedermayer
Last Minutes Defensive
Center Left Wing Right Wing Defense Defense
Pavel Datsyuk Ilya Kovalchuk Joe Pavelski Ian White Rob Scuderi
Goaltenders
Starting : Cam Ward
Backup : Sebastien Caron
Extra Forwards
Normal : Patrick Kaleta, Jonathan Toews, Ilya Kovalchuk - PP : Patrick Kaleta, Wayne Simmonds - PK : Wayne Simmonds
Extra Defensemen
Normal : Duncan Keith, Scott Niedermayer, Ian White - PP : Scott Niedermayer - PK : Ian White, Christian Ehrhoff
Penalty Shots
Ilya Kovalchuk, Joe Pavelski, Pavel Datsyuk, Jonathan Toews, Peter Regin
Sabres
5 vs 5 Forward
Center Left Wing Right Wing Time % Phy DF OF
1 Derick Brassard James Neal Niclas Bergfors 32 1 3 1
2 Jiri Hudler Antoine Roussel Steve Downie 30 1 3 1
3 Mike Fisher Ryan Hollweg Tomas Kopecky 28 1 3 1
4 Mats Sundin Kyle Calder Todd White 10 1 4 0
5 vs 5 Defense
Defense Defense Time % Phy DF OF
1 Ole-Kristian Tollefsen Niclas Wallin 33 1 3 1
2 Nathan Dempsey Joni Pitkanen 33 1 3 1
3 Tyler Sloan Nathan Paetsch 24 1 3 1
4 Ole-Kristian Tollefsen Joni Pitkanen 10 1 2 2
PowerPlay Forward
Center Left Wing Right Wing Time % Phy DF OF
1 Derick Brassard James Neal Niclas Bergfors 60 1 1 3
2 Jiri Hudler Antoine Roussel Steve Downie 40 1 1 3
PowerPlay Defense
Defense Defense Time % Phy DF OF
1 Ole-Kristian Tollefsen Joni Pitkanen 60 1 2 2
2 Nathan Dempsey Nathan Paetsch 40 1 2 2
Penalty Kill 4 Players Forward
Center Wing Time % Phy DF OF
1 Mike Fisher Todd White 60 1 4 0
2 Mats Sundin Steve Downie 40 1 3 1
Penalty Kill 4 Players Defense
Defense Defense Time % Phy DF OF
1 Ole-Kristian Tollefsen Joni Pitkanen 60 1 4 0
2 Nathan Dempsey Niclas Wallin 40 1 4 0
Penalty Kill - 3 Players Forward
Forward Time % Phy DF OF
1 Todd White 60 0 5 0
2 Mike Fisher 40 0 5 0
Penalty Kill - 3 Players Defense
Defense Defense Time % Phy DF OF
1 Ole-Kristian Tollefsen Joni Pitkanen 60 1 4 0
2 Nathan Dempsey Niclas Wallin 40 1 4 0
4 vs 4 Forward
Center Wing Time % Phy DF OF
1 Derick Brassard Niclas Bergfors 60 0 2 3
2 Ryan Hollweg Steve Downie 40 2 3 0
4 vs 4 Defense
Defense Defense Time % Phy DF OF
1 Ole-Kristian Tollefsen Joni Pitkanen 60 1 2 2
2 Tyler Sloan Nathan Paetsch 40 1 3 1
Last Minutes Offensive
Center Left Wing Right Wing Defense Defense
Derick Brassard Ryan Hollweg Niclas Bergfors Ole-Kristian Tollefsen Joni Pitkanen
Last Minutes Defensive
Center Left Wing Right Wing Defense Defense
Mike Fisher Todd White Steve Downie Ole-Kristian Tollefsen Joni Pitkanen
Goaltenders
Starting : Michal Neuvirth
Backup : Ty Conklin
Extra Forwards
Normal : Antoine Roussel, Tomas Kopecky, Derick Brassard - PP : Ryan Hollweg, Tomas Kopecky - PK : Tomas Kopecky
Extra Defensemen
Normal : Niclas Wallin, Nathan Paetsch, Tyler Sloan - PP : Niclas Wallin - PK : Nathan Paetsch, Tyler Sloan
Penalty Shots
James Neal, Niclas Bergfors, Jiri Hudler, Mats Sundin, Ryan Hollweg
% Time on Ice - Oilers
Lines # - Real PCT - Wanted PCT - Time Play
Normal Forward
1 - 34% - 40% - 16:28
2 - 28% - 30% - 13:18
3 - 26% - 20% - 12:22
4 - 12% - 10% - 5:58
Normal Defense
1 - 37% - 37% - 17:36
2 - 29% - 30% - 13:48
3 - 26% - 26% - 12:38
4 - 8% - 7% - 4:04
PP Forward
1 - 60% - 65% - 4:47
2 - 40% - 35% - 3:09
PP Defense
1 - 48% - 50% - 3:48
2 - 52% - 50% - 4:08
PK Forward
1 - 49% - 50% - 1:56
2 - 51% - 50% - 2:02
PK Defense
1 - 58% - 50% - 2:19
2 - 42% - 50% - 1:39
PK3 Forward
1 - 0% - 50%
2 - 0% - 50%
PK3 Defense
1 - 0% - 50%
2 - 0% - 50%
44 Forward
1 - 51% - 50% - 2:32
2 - 49% - 50% - 2:28
44 Defense
1 - 48% - 50% - 2:23
2 - 52% - 50% - 2:37
Last Minute Offensive - 0:00
Last Minute Defensive - 0:00
Total
Forward - 65:00
Defense - 65:00
|
% Time on Ice - Sabres
Lines # - Real PCT - Wanted PCT - Time Play
Normal Forward
1 - 32% - 32% - 15:22
2 - 28% - 30% - 13:22
3 - 25% - 28% - 11:49
4 - 16% - 10% - 7:33
Normal Defense
1 - 36% - 33% - 17:26
2 - 30% - 33% - 14:37
3 - 28% - 24% - 13:42
4 - 5% - 10% - 2:21
PP Forward
1 - 62% - 60% - 2:27
2 - 38% - 40% - 1:31
PP Defense
1 - 68% - 60% - 2:41
2 - 32% - 40% - 1:17
PK Forward
1 - 73% - 60% - 5:49
2 - 27% - 40% - 2:07
PK Defense
1 - 64% - 60% - 5:04
2 - 36% - 40% - 2:52
PK3 Forward
1 - 0% - 60%
2 - 0% - 40%
PK3 Defense
1 - 0% - 60%
2 - 0% - 40%
44 Forward
1 - 74% - 60% - 3:43
2 - 26% - 40% - 1:17
44 Defense
1 - 61% - 60% - 3:03
2 - 39% - 40% - 1:57
Last Minute Offensive - 0:00
Last Minute Defensive - 0:00
Total
Forward - 65:00
Defense - 65:00
|
Play by Play
1st period
0:01 of 1st period - Jonathan Toews wins face-off versus Derick Brassard in neutral zone.
1:14 of 1st period - Duncan Keith is hit by Kyle Calder.
1:19 of 1st period - Off-side.
1:20 of 1st period - James Neal wins face-off versus Olli Jokinen in neutral zone.
1:46 of 1st period - Antoine Roussel is hit by Jonathan Toews and loses puck.
2:29 of 1st period - Wrist shot by Kyle Calder.
2:29 of 1st period - Deflect By Mats Sundin.
2:29 of 1st period - Shot Blocked by Duncan Keith.
2:29 of 1st period - Puck is out of play.
2:30 of 1st period - Pavel Datsyuk wins face-off versus Mats Sundin in Oilers zone.
2:32 of 1st period - Icing by Joe Pavelski.
2:33 of 1st period - Kyle Calder wins face-off versus Pavel Datsyuk in Oilers zone.
2:41 of 1st period - Off-side.
2:42 of 1st period - Derick Brassard wins face-off versus Jonathan Toews in neutral zone.
2:51 of 1st period - Wrist shot by Jonathan Toews.
2:51 of 1st period - Shot Misses the Net.
3:13 of 1st period - Wrist shot by Steve Downie.
3:13 of 1st period - Shot Blocked by Zach Bogosian.
3:15 of 1st period - Snap shot by Tyler Sloan.
3:15 of 1st period - Stopped by Cam Ward without a rebound.
3:16 of 1st period - Pavel Datsyuk wins face-off versus Jiri Hudler in Oilers zone.
3:45 of 1st period - Rob Scuderi is hit by James Neal.
3:50 of 1st period - Minor Penalty to Niclas Bergfors for Interference.
3:51 of 1st period - Todd White wins face-off versus Jonathan Toews in Sabres zone.
3:55 of 1st period - Pavel Datsyuk is hit by Todd White and loses puck.
4:26 of 1st period - Slapshot by Ian White.
4:26 of 1st period - Stopped by Michal Neuvirth without a rebound.
4:27 of 1st period - Mats Sundin wins face-off versus Jonathan Toews in Sabres zone.
4:39 of 1st period - Off-side.
4:40 of 1st period - Mike Fisher wins face-off versus Ilya Kovalchuk in neutral zone.
4:47 of 1st period - Wrist shot by Todd White.
4:47 of 1st period - Goal by Todd White - Oilers : 0 - Sabres : 1.
4:48 of 1st period - Jonathan Toews wins face-off versus Mike Fisher in neutral zone.
5:18 of 1st period - Snap shot by Steve Downie.
5:18 of 1st period - Shot Blocked by Ian White.
5:50 of 1st period - Penalty to Niclas Bergfors is over, Niclas Bergfors is back on ice.
6:10 of 1st period - James Neal is hit by Eric Nystrom and loses puck.
6:29 of 1st period - Wrist shot by Mike Fisher.
6:29 of 1st period - Stopped by Cam Ward with a rebound.
6:59 of 1st period - Scott Niedermayer is hit by Mats Sundin and loses puck.
7:16 of 1st period - Snap shot by Joe Pavelski.
7:16 of 1st period - Stopped by Michal Neuvirth with a rebound.
7:18 of 1st period - Wrist shot by Joe Pavelski.
7:18 of 1st period - Goal by Joe Pavelski - Oilers : 1 - Sabres : 1.
7:19 of 1st period - Mike Fisher wins face-off versus Jonathan Toews in neutral zone.
7:24 of 1st period - Wrist shot by Ryan Hollweg.
7:24 of 1st period - Shot Misses the Net.
7:26 of 1st period - Slapshot by Mike Fisher.
7:26 of 1st period - Shot Misses the Net.
7:53 of 1st period - Wrist shot by James Neal.
7:53 of 1st period - Stopped by Cam Ward without a rebound.
7:54 of 1st period - Jiri Hudler wins face-off versus Pavel Datsyuk in Oilers zone.
8:27 of 1st period - Wrist shot by James Neal.
8:27 of 1st period - Stopped by Cam Ward without a rebound.
8:28 of 1st period - Mike Fisher wins face-off versus Jonathan Toews in Oilers zone.
8:29 of 1st period - Wrist shot by Tomas Kopecky.
8:29 of 1st period - Goal by Tomas Kopecky - Oilers : 1 - Sabres : 2.
8:30 of 1st period - Jonathan Toews wins face-off versus Mike Fisher in neutral zone.
9:13 of 1st period - Wrist shot by Ryan Hollweg.
9:13 of 1st period - Stopped by Cam Ward with a rebound.
9:51 of 1st period - Backhand shot by Todd White.
9:51 of 1st period - Stopped by Cam Ward with a rebound.
10:35 of 1st period - Ilya Kovalchuk is hit by Nathan Paetsch and loses puck.
10:40 of 1st period - Snap shot by Steve Downie.
10:40 of 1st period - Stopped by Cam Ward without a rebound.
10:41 of 1st period - Derick Brassard wins face-off versus Peter Regin in Oilers zone.
11:26 of 1st period - Minor Penalty to Ilya Kovalchuk for Hooking.
11:27 of 1st period - Pavel Datsyuk wins face-off versus Derick Brassard in Oilers zone.
13:09 of 1st period - Rob Scuderi is hit by Ole-Kristian Tollefsen and loses puck.
13:26 of 1st period - Penalty to Ilya Kovalchuk is over, Ilya Kovalchuk is back on ice.
16:25 of 1st period - Slapshot by Joni Pitkanen.
16:25 of 1st period - Shot Blocked by Scott Niedermayer.
17:23 of 1st period - Peter Regin is hit by Kyle Calder and loses puck.
17:55 of 1st period - Duncan Keith is hit by Derick Brassard and loses puck.
19:10 of 1st period - Duncan Keith is hit by Steve Downie and loses puck.
19:25 of 1st period - Slapshot by Niclas Bergfors.
19:25 of 1st period - Stopped by Cam Ward with a rebound.
19:27 of 1st period - Backhand shot by Derick Brassard.
19:27 of 1st period - Stopped by Cam Ward with a rebound.
19:29 of 1st period - Snap shot by Tyler Sloan.
19:29 of 1st period - Deflect By Scott Niedermayer.
19:29 of 1st period - Stopped by Cam Ward with a rebound.
Goals for this period are 1 for Oilers vs 2 for Sabres.
Shots for this period are 3 for Oilers vs 12 for Sabres.
2nd period
0:01 of 2nd period - Derick Brassard wins face-off versus Ilya Kovalchuk in neutral zone.
0:15 of 2nd period - Slapshot by James Neal.
0:15 of 2nd period - Shot Misses the Net.
0:40 of 2nd period - Christian Ehrhoff is hit by Jiri Hudler and loses puck.
0:55 of 2nd period - Wrist shot by Pavel Datsyuk.
0:55 of 2nd period - Stopped by Michal Neuvirth with a rebound.
0:57 of 2nd period - Minor Penalty to Mike Fisher for Tripping.
0:58 of 2nd period - Jonathan Toews wins face-off versus Tomas Kopecky in Sabres zone.
0:59 of 2nd period - Snap shot by Pavel Datsyuk.
0:59 of 2nd period - Shot Misses the Net.
1:23 of 2nd period - Tomas Kopecky is hit by Tomas Fleischmann and loses puck.
1:30 of 2nd period - Snap shot by Peter Regin.
1:30 of 2nd period - Shot Blocked by Ole-Kristian Tollefsen.
1:44 of 2nd period - James Neal is hit by Tomas Fleischmann and loses puck.
2:01 of 2nd period - Ilya Kovalchuk is hit by Jiri Hudler and loses puck.
2:14 of 2nd period - Ian White is hit by Joni Pitkanen and loses puck.
2:57 of 2nd period - Penalty to Mike Fisher is over, Mike Fisher is back on ice.
4:05 of 2nd period - Ilya Kovalchuk is hit by Nathan Dempsey.
4:15 of 2nd period - Wayne Simmonds is hit by Joni Pitkanen and loses puck.
4:22 of 2nd period - Nathan Dempsey is hit by Wayne Simmonds and loses puck.
4:32 of 2nd period - Minor Penalty to James Neal for High sticking.
4:33 of 2nd period - Jonathan Toews wins face-off versus Mike Fisher in Sabres zone.
4:36 of 2nd period - Snap shot by Pavel Datsyuk.
4:36 of 2nd period - Shot Misses the Net.
4:38 of 2nd period - Slapshot by Duncan Keith.
4:38 of 2nd period - Stopped by Michal Neuvirth with a rebound.
4:40 of 2nd period - Wrist shot by Jonathan Toews.
4:40 of 2nd period - Stopped by Michal Neuvirth with a rebound.
4:42 of 2nd period - Snap shot by Pavel Datsyuk.
4:42 of 2nd period - Shot Misses the Net.
4:44 of 2nd period - Wrist shot by Ilya Kovalchuk.
4:44 of 2nd period - Shot Misses the Net.
4:46 of 2nd period - Slapshot by Ian White.
4:46 of 2nd period - Stopped by Michal Neuvirth without a rebound.
4:47 of 2nd period - Mike Fisher wins face-off versus Jonathan Toews in Sabres zone.
4:55 of 2nd period - Snap shot by Joni Pitkanen.
4:55 of 2nd period - Shot Blocked by Christian Ehrhoff.
5:03 of 2nd period - Snap shot by Mike Fisher.
5:03 of 2nd period - Stopped by Cam Ward without a rebound.
5:04 of 2nd period - Jonathan Toews wins face-off versus Mike Fisher in Oilers zone.
5:04 of 2nd period - Jonathan Toews is hit by Mike Fisher.
5:30 of 2nd period - Ole-Kristian Tollefsen is hit by Tomas Fleischmann and loses puck.
6:23 of 2nd period - Tomas Kopecky is hit by Zach Bogosian and loses puck.
6:32 of 2nd period - Penalty to James Neal is over, James Neal is back on ice.
7:27 of 2nd period - Tyler Sloan is hit by Rob Scuderi.
7:43 of 2nd period - Jonathan Toews is hit by Todd White and loses puck.
9:11 of 2nd period - Off-side.
9:12 of 2nd period - Jiri Hudler wins face-off versus Olli Jokinen in neutral zone.
9:17 of 2nd period - Slapshot by Nathan Paetsch.
9:17 of 2nd period - Shot Blocked by Christian Ehrhoff.
9:19 of 2nd period - Slapshot by Tyler Sloan.
9:19 of 2nd period - Shot Misses the Net.
9:21 of 2nd period - Snap shot by Steve Downie.
9:21 of 2nd period - Shot Hit the Post.
9:23 of 2nd period - Slapshot by Nathan Paetsch.
9:23 of 2nd period - Stopped by Cam Ward with a rebound.
9:25 of 2nd period - Slapshot by Nathan Paetsch.
9:25 of 2nd period - Goal by Nathan Paetsch - Oilers : 1 - Sabres : 3.
9:26 of 2nd period - Jonathan Toews wins face-off versus Derick Brassard in neutral zone.
9:40 of 2nd period - Slapshot by Joni Pitkanen.
9:40 of 2nd period - Shot Misses the Net.
9:42 of 2nd period - Wrist shot by James Neal.
9:42 of 2nd period - Shot Blocked by Ian White.
11:27 of 2nd period - Slapshot by Eric Nystrom.
11:27 of 2nd period - Goal by Eric Nystrom - Oilers : 2 - Sabres : 3.
11:28 of 2nd period - Wayne Simmonds wins face-off versus Derick Brassard in neutral zone.
12:16 of 2nd period - Minor Penalty to Patrick Kaleta for Roughing.
12:17 of 2nd period - Derick Brassard wins face-off versus Peter Regin in Oilers zone.
12:49 of 2nd period - Snap shot by James Neal.
12:49 of 2nd period - Stopped by Cam Ward with a rebound.
12:55 of 2nd period - Wrist shot by James Neal.
12:55 of 2nd period - Shot Misses the Net.
13:41 of 2nd period - Snap shot by Niclas Bergfors.
13:41 of 2nd period - Stopped by Cam Ward without a rebound.
13:42 of 2nd period - Jiri Hudler wins face-off versus Peter Regin in Oilers zone.
13:49 of 2nd period - Slapshot by Steve Downie.
13:49 of 2nd period - Stopped by Cam Ward with a rebound.
13:51 of 2nd period - Snap shot by Steve Downie.
13:51 of 2nd period - Stopped by Cam Ward without a rebound.
13:52 of 2nd period - Peter Regin wins face-off versus Jiri Hudler in Oilers zone.
14:03 of 2nd period - Slapshot by Nathan Paetsch.
14:03 of 2nd period - Deflect By Jiri Hudler.
14:03 of 2nd period - Shot Misses the Net.
14:03 of 2nd period - Puck is out of play.
14:04 of 2nd period - Jiri Hudler wins face-off versus Peter Regin in Oilers zone.
14:15 of 2nd period - Wrist shot by Jiri Hudler.
14:15 of 2nd period - Stopped by Cam Ward without a rebound.
14:16 of 2nd period - Penalty to Patrick Kaleta is over, Patrick Kaleta is back on ice.
14:16 of 2nd period - Jonathan Toews wins face-off versus Jiri Hudler in Oilers zone.
14:31 of 2nd period - Wrist shot by Ilya Kovalchuk.
14:31 of 2nd period - Shot Misses the Net.
14:41 of 2nd period - Ryan Hollweg is hit by Joe Pavelski and loses puck.
14:48 of 2nd period - Slapshot by Nathan Dempsey.
14:48 of 2nd period - Shot Misses the Net.
15:42 of 2nd period - Scott Niedermayer is hit by Jiri Hudler and loses puck.
16:18 of 2nd period - Backhand shot by Patrick Kaleta.
16:18 of 2nd period - Stopped by Michal Neuvirth with a rebound.
16:20 of 2nd period - Wrist shot by Patrick Kaleta.
16:20 of 2nd period - Stopped by Michal Neuvirth with a rebound.
17:47 of 2nd period - Eric Nystrom is hit by Nathan Paetsch and loses puck.
17:56 of 2nd period - Kyle Calder is hit by Wayne Simmonds and loses puck.
18:55 of 2nd period - Antoine Roussel is hit by Patrick Kaleta and loses puck.
19:56 of 2nd period - Snap shot by Derick Brassard.
19:56 of 2nd period - Shot Blocked by Peter Regin.
19:58 of 2nd period - Backhand shot by Niclas Wallin.
19:58 of 2nd period - Deflect By Duncan Keith.
19:58 of 2nd period - Stopped by Cam Ward with a rebound.
Goals for this period are 1 for Oilers vs 1 for Sabres.
Shots for this period are 7 for Oilers vs 9 for Sabres.
3rd period
0:01 of 3rd period - Derick Brassard wins face-off versus Jonathan Toews in neutral zone.
0:10 of 3rd period - Wayne Simmonds is hit by James Neal.
0:26 of 3rd period - Ilya Kovalchuk is hit by Ryan Hollweg and loses puck.
0:41 of 3rd period - Slapshot by Jonathan Toews.
0:41 of 3rd period - Stopped by Michal Neuvirth without a rebound.
0:42 of 3rd period - Derick Brassard wins face-off versus Pavel Datsyuk in Sabres zone.
1:07 of 3rd period - Zach Bogosian is hit by Antoine Roussel and loses puck.
1:18 of 3rd period - Snap shot by Steve Downie.
1:18 of 3rd period - Shot Misses the Net.
1:48 of 3rd period - Snap shot by Mats Sundin.
1:48 of 3rd period - Shot Misses the Net.
1:50 of 3rd period - Slapshot by Nathan Dempsey.
1:50 of 3rd period - Stopped by Cam Ward without a rebound.
1:51 of 3rd period - Mats Sundin wins face-off versus Peter Regin in Oilers zone.
2:06 of 3rd period - Backhand shot by Patrick Kaleta.
2:06 of 3rd period - Stopped by Michal Neuvirth without a rebound.
2:07 of 3rd period - Jonathan Toews wins face-off versus Derick Brassard in Sabres zone.
2:14 of 3rd period - Wrist shot by Ilya Kovalchuk.
2:14 of 3rd period - Stopped by Michal Neuvirth with a rebound.
2:16 of 3rd period - Snap shot by Wayne Simmonds.
2:16 of 3rd period - Goal by Wayne Simmonds - Oilers : 3 - Sabres : 3.
2:17 of 3rd period - Jonathan Toews wins face-off versus Steve Downie in neutral zone.
2:28 of 3rd period - Wrist shot by Jonathan Toews.
2:28 of 3rd period - Goal by Jonathan Toews - Oilers : 4 - Sabres : 3.
2:29 of 3rd period - Jonathan Toews wins face-off versus Derick Brassard in neutral zone.
2:40 of 3rd period - Slapshot by Ilya Kovalchuk.
2:40 of 3rd period - Stopped by Michal Neuvirth with a rebound.
2:44 of 3rd period - Snap shot by Ilya Kovalchuk.
2:44 of 3rd period - Shot Blocked by Joni Pitkanen.
2:58 of 3rd period - Snap shot by Joe Pavelski.
2:58 of 3rd period - Shot Blocked by Ole-Kristian Tollefsen.
3:00 of 3rd period - Wrist shot by Joe Pavelski.
3:00 of 3rd period - Stopped by Michal Neuvirth without a rebound.
3:01 of 3rd period - Jonathan Toews wins face-off versus Jiri Hudler in Sabres zone.
3:02 of 3rd period - Wrist shot by Ilya Kovalchuk.
3:02 of 3rd period - Stopped by Michal Neuvirth with a rebound.
3:04 of 3rd period - Slapshot by Christian Ehrhoff.
3:04 of 3rd period - Deflect By Ilya Kovalchuk.
3:04 of 3rd period - Deflect By Jiri Hudler.
3:04 of 3rd period - Shot Misses the Net.
3:04 of 3rd period - Puck is out of play.
3:05 of 3rd period - Jonathan Toews wins face-off versus Jiri Hudler in Sabres zone.
3:12 of 3rd period - Snap shot by Jonathan Toews.
3:12 of 3rd period - Stopped by Michal Neuvirth without a rebound.
3:13 of 3rd period - Derick Brassard wins face-off versus Jonathan Toews in Sabres zone.
3:29 of 3rd period - Snap shot by Ilya Kovalchuk.
3:29 of 3rd period - Shot Misses the Net.
3:43 of 3rd period - Backhand shot by Tomas Kopecky.
3:43 of 3rd period - Shot Blocked by Pavel Datsyuk.
3:45 of 3rd period - Snap shot by Mike Fisher.
3:45 of 3rd period - Stopped by Cam Ward without a rebound.
3:46 of 3rd period - Jiri Hudler wins face-off versus Tomas Fleischmann in Oilers zone.
4:16 of 3rd period - Off-side.
4:17 of 3rd period - Jonathan Toews wins face-off versus Mike Fisher in neutral zone.
4:25 of 3rd period - Snap shot by Mike Fisher.
4:25 of 3rd period - Shot Misses the Net.
5:44 of 3rd period - Off-side.
5:45 of 3rd period - Todd White wins face-off versus Olli Jokinen in neutral zone.
6:12 of 3rd period - Slapshot by Niclas Bergfors.
6:12 of 3rd period - Shot Blocked by Zach Bogosian.
6:23 of 3rd period - Zach Bogosian is hit by Nathan Paetsch and loses puck.
6:30 of 3rd period - Niclas Bergfors is hit by Eric Nystrom and loses puck.
6:35 of 3rd period - Wrist shot by Patrick Kaleta.
6:35 of 3rd period - Deflect By Eric Nystrom.
6:35 of 3rd period - Stopped by Michal Neuvirth without a rebound.
6:36 of 3rd period - Jiri Hudler wins face-off versus Jonathan Toews in Sabres zone.
6:36 of 3rd period - Jiri Hudler is hit by Rob Scuderi.
7:15 of 3rd period - Slapshot by Ryan Hollweg.
7:15 of 3rd period - Shot Misses the Net.
7:27 of 3rd period - Derick Brassard is hit by Eric Nystrom and loses puck.
7:34 of 3rd period - Wrist shot by Peter Regin.
7:34 of 3rd period - Shot Misses the Net.
7:36 of 3rd period - Slapshot by Rob Scuderi.
7:36 of 3rd period - Stopped by Michal Neuvirth with a rebound.
7:38 of 3rd period - Wrist shot by Peter Regin.
7:38 of 3rd period - Deflect By Derick Brassard.
7:38 of 3rd period - Stopped by Michal Neuvirth with a rebound.
8:53 of 3rd period - Wrist shot by James Neal.
8:53 of 3rd period - Goal by James Neal - Oilers : 4 - Sabres : 4.
8:54 of 3rd period - Pavel Datsyuk wins face-off versus Jiri Hudler in neutral zone.
8:59 of 3rd period - Snap shot by Joe Pavelski.
8:59 of 3rd period - Shot Blocked by Steve Downie.
9:40 of 3rd period - Snap shot by Kyle Calder.
9:40 of 3rd period - Shot Blocked by Scott Niedermayer.
9:42 of 3rd period - Slapshot by Tyler Sloan.
9:42 of 3rd period - Deflect By Mats Sundin.
9:42 of 3rd period - Stopped by Cam Ward without a rebound.
9:43 of 3rd period - Peter Regin wins face-off versus Mats Sundin in Oilers zone.
9:53 of 3rd period - Eric Nystrom is hit by Kyle Calder and loses puck.
10:25 of 3rd period - Tomas Kopecky is hit by Ian White and loses puck.
10:52 of 3rd period - Minor Penalty to Ole-Kristian Tollefsen for Interference.
10:53 of 3rd period - Mike Fisher wins face-off versus Jonathan Toews in Sabres zone.
10:53 of 3rd period - Mike Fisher is hit by Ilya Kovalchuk.
12:52 of 3rd period - Penalty to Ole-Kristian Tollefsen is over, Ole-Kristian Tollefsen is back on ice.
13:06 of 3rd period - Icing by Derick Brassard.
13:07 of 3rd period - Derick Brassard wins face-off versus Olli Jokinen in Sabres zone.
15:01 of 3rd period - Backhand shot by Patrick Kaleta.
15:01 of 3rd period - Stopped by Michal Neuvirth with a rebound.
15:03 of 3rd period - Wrist shot by Peter Regin.
15:03 of 3rd period - Stopped by Michal Neuvirth with a rebound.
15:05 of 3rd period - Snap shot by Patrick Kaleta.
15:05 of 3rd period - Stopped by Michal Neuvirth without a rebound.
15:06 of 3rd period - Peter Regin wins face-off versus Mike Fisher in Sabres zone.
15:17 of 3rd period - Zach Bogosian is hit by Ryan Hollweg and loses puck.
15:31 of 3rd period - Icing by Tyler Sloan.
15:32 of 3rd period - Jonathan Toews wins face-off versus Mike Fisher in Sabres zone.
15:43 of 3rd period - Snap shot by Ryan Hollweg.
15:43 of 3rd period - Shot Misses the Net.
15:57 of 3rd period - Mike Fisher is hit by Joe Pavelski and loses puck.
16:43 of 3rd period - Wrist shot by Patrick Kaleta.
16:43 of 3rd period - Stopped by Michal Neuvirth with a rebound.
16:45 of 3rd period - Wrist shot by Peter Regin.
16:45 of 3rd period - Shot Misses the Net.
17:11 of 3rd period - Wrist shot by James Neal.
17:11 of 3rd period - Shot Misses the Net.
17:17 of 3rd period - Nathan Paetsch is hit by Wayne Simmonds and loses puck.
17:33 of 3rd period - Snap shot by Steve Downie.
17:33 of 3rd period - Shot Misses the Net.
Goals for this period are 2 for Oilers vs 1 for Sabres.
Shots for this period are 16 for Oilers vs 4 for Sabres.
Overtime #1
0:01 of 1st overtime period - Jonathan Toews wins face-off versus Derick Brassard in neutral zone.
0:36 of 1st overtime period - Snap shot by Pavel Datsyuk.
0:36 of 1st overtime period - Shot Misses the Net.
0:52 of 1st overtime period - Snap shot by Steve Downie.
0:52 of 1st overtime period - Stopped by Cam Ward with a rebound.
0:54 of 1st overtime period - Slapshot by Ole-Kristian Tollefsen.
0:54 of 1st overtime period - Stopped by Cam Ward without a rebound.
0:55 of 1st overtime period - Pavel Datsyuk wins face-off versus Derick Brassard in Oilers zone.
1:18 of 1st overtime period - Ian White is hit by Nathan Paetsch and loses puck.
1:39 of 1st overtime period - Slapshot by Antoine Roussel.
1:39 of 1st overtime period - Shot Misses the Net.
1:41 of 1st overtime period - Snap shot by Antoine Roussel.
1:41 of 1st overtime period - Stopped by Cam Ward with a rebound.
1:43 of 1st overtime period - Snap shot by Antoine Roussel.
1:43 of 1st overtime period - Shot Blocked by Scott Niedermayer.
2:12 of 1st overtime period - Ian White is hit by Ryan Hollweg and loses puck.
2:29 of 1st overtime period - Derick Brassard is hit by Joe Pavelski.
4:18 of 1st overtime period - Joe Pavelski is hit by Antoine Roussel.
4:26 of 1st overtime period - Snap shot by Tomas Kopecky.
4:26 of 1st overtime period - Deflect By Patrick Kaleta.
4:26 of 1st overtime period - Stopped by Cam Ward with a rebound.
4:36 of 1st overtime period - Derick Brassard is hit by Pavel Datsyuk and loses puck.
4:58 of 1st overtime period - Icing by Nathan Dempsey.
4:59 of 1st overtime period - Antoine Roussel wins face-off versus Jonathan Toews in Sabres zone.
Goals for this period are 0 for Oilers vs 0 for Sabres.
Shots for this period are 0 for Oilers vs 4 for Sabres.
ShootOut
5:00 of 1st overtime period - Penalty Shot by Ilya Kovalchuk for Oilers.
5:00 of 1st overtime period - Wrist shot by Ilya Kovalchuk.
5:00 of 1st overtime period - Stopped by Michal Neuvirth.
5:00 of 1st overtime period - Penalty Shot by James Neal for Sabres.
5:00 of 1st overtime period - Wrist shot by James Neal.
5:00 of 1st overtime period - Stopped by Cam Ward.
5:00 of 1st overtime period - Penalty Shot by Joe Pavelski for Oilers.
5:00 of 1st overtime period - Snap shot by Joe Pavelski.
5:00 of 1st overtime period - Stopped by Michal Neuvirth.
5:00 of 1st overtime period - Penalty Shot by Niclas Bergfors for Sabres.
5:00 of 1st overtime period - Wrist shot by Niclas Bergfors.
5:00 of 1st overtime period - Shot Misses the Net.
5:00 of 1st overtime period - Penalty Shot by Pavel Datsyuk for Oilers.
5:00 of 1st overtime period - Backhand shot by Pavel Datsyuk.
5:00 of 1st overtime period - Stopped by Michal Neuvirth.
5:00 of 1st overtime period - Penalty Shot by Jiri Hudler for Sabres.
5:00 of 1st overtime period - Wrist shot by Jiri Hudler.
5:00 of 1st overtime period - Stopped by Cam Ward.
5:00 of 1st overtime period - Penalty Shot by Jonathan Toews for Oilers.
5:00 of 1st overtime period - Deke by Jonathan Toews.
5:00 of 1st overtime period - Stopped by Michal Neuvirth.
5:00 of 1st overtime period - Penalty Shot by Mats Sundin for Sabres.
5:00 of 1st overtime period - Wrist shot by Mats Sundin.
5:00 of 1st overtime period - Shot Hit the Post.
5:00 of 1st overtime period - Penalty Shot by Peter Regin for Oilers.
5:00 of 1st overtime period - Deke by Peter Regin.
5:00 of 1st overtime period - Shot Misses the Net.
5:00 of 1st overtime period - Penalty Shot by Ryan Hollweg for Sabres.
5:00 of 1st overtime period - Deke by Ryan Hollweg.
5:00 of 1st overtime period - Stopped by Cam Ward.
5:00 of 1st overtime period - Penalty Shot by Scott Niedermayer for Oilers.
5:00 of 1st overtime period - Wrist shot by Scott Niedermayer.
5:00 of 1st overtime period - Shot Misses the Net.
5:00 of 1st overtime period - Penalty Shot by Steve Downie for Sabres.
5:00 of 1st overtime period - Deke by Steve Downie.
5:00 of 1st overtime period - Stopped by Cam Ward.
5:00 of 1st overtime period - Penalty Shot by Duncan Keith for Oilers.
5:00 of 1st overtime period - Deke by Duncan Keith.
5:00 of 1st overtime period - Shot Misses the Net.
5:00 of 1st overtime period - Penalty Shot by Mike Fisher for Sabres.
5:00 of 1st overtime period - Backhand shot by Mike Fisher.
5:00 of 1st overtime period - Shot Misses the Net.
5:00 of 1st overtime period - Penalty Shot by Olli Jokinen for Oilers.
5:00 of 1st overtime period - Snap shot by Olli Jokinen.
5:00 of 1st overtime period - Shot Misses the Net.
5:00 of 1st overtime period - Penalty Shot by Tomas Kopecky for Sabres.
5:00 of 1st overtime period - Backhand shot by Tomas Kopecky.
5:00 of 1st overtime period - Stopped by Cam Ward.
5:00 of 1st overtime period - Penalty Shot by Christian Ehrhoff for Oilers.
5:00 of 1st overtime period - Deke by Christian Ehrhoff.
5:00 of 1st overtime period - Stopped by Michal Neuvirth.
5:00 of 1st overtime period - Penalty Shot by Nathan Dempsey for Sabres.
5:00 of 1st overtime period - Backhand shot by Nathan Dempsey.
5:00 of 1st overtime period - Goal by Nathan Dempsey.
Output by the SimonT Hockey Simulator (STHS) for François Prévost -- Original Page W3C XHTML 1.0 Valid